 Dungeon Crawl Stone Soup version 0.29.1-12-g30fa7ad0bf (webtiles) character file.

Game seed: 9116400384417326934

84 Strafespey the Magician (level 4, -12/31 HPs)
             Began as a Djinni Hedge Wizard on Dec 22, 2022.
             Killed from afar by Ijyb (14 damage)
             ... with an iceblast
             ... on level 3 of the Dungeon.
             The game lasted 00:22:06 (4292 turns).

Strafespey the Magician (Djinni Hedge Wizard)       Turns: 4292, Time: 00:22:07

Health: -12/31     AC:  3    Str: 11    XL:     4   Next: 74%
Gold:   84         EV: 12    Int: 16    God:
                   SH:  0    Dex: 12

rFire   + + .      SeeInvis .   i - staff of conjuration
rCold   x . .      Faith    .   (no shield)
rNeg    . . .      Spirit   .   b - +0 robe
rPois   ∞          Reflect  .   c - +0 hat
rElec   .          Harm     .   k - +0 cloak
rCorr   .          Rampage  .   (no gloves)
Will    .....                   (boots unavailable)
Stlth   ++........              (no amulet)
HPRegen 0.10/turn               (no ring)
MPRegen 0.00/turn               (no ring)

@: flying
A: sickness immunity, fire resistance 2, cold vulnerability 1, float, innate
caster, HP casting, extra vitality 1
a: no special abilities


You were on level 3 of the Dungeon.
You visited 1 branch of the dungeon, and saw 3 of its levels.

You collected 84 gold pieces.

Inventory:

Armour
 b - a +0 robe (worn)
 c - a +0 hat (worn)
 k - a +0 cloak (worn)
Magical Staves
 i - a staff of conjuration (weapon)
Scrolls
 e - a scroll of teleportation {unknown}
 f - a scroll of brand weapon {unknown}
 h - a scroll of torment {unknown}
 j - a scroll of enchant armour {unknown}
 l - a scroll of fear {unknown}
Potions
 a - a potion of brilliance {unknown}
 d - a potion of curing {unknown}
 g - a potion of haste {unknown}


   Skills:
 - Level 2.1 Dodging
 - Level 2.0 Stealth
 + Level 3.8 Spellcasting


You couldn't memorise any spells.
You knew the following spells:

 Your Spells              Type           Power      Damage    Failure   Level
a - Magic Dart            Conj           92%        1d7       3%          1
b - Blink                 Tloc           30%        N/A       5%          2
c - Call Imp              Summ           15%        N/A       5%          2
d - Slow                  Hex            60%        N/A       3%          1
e - Conjure Flame         Conj/Fire      23%        6-21      11%         3
f - Mephitic Cloud        Conj/Pois/Air  23%        N/A       11%         3
g - Beastly Appendage     Tmut           30%        N/A       3%          1
Your spell library was empty.

Dungeon Overview and Level Annotations

Branches:
Dungeon (3/15)

Altars:

Shops:
D:2 :

Annotations:
D:3 Ijyb


Innate Abilities, Weirdness & Mutations

You are immune to sickness and miasma.
You are immune to poison.
Your flesh is very heat resistant. (rF++)
You are vulnerable to cold. (rC-)
You float through the air rather than walking.
You learn spells naturally, not from books.
Your magical power is your life essence.
You have superior vitality. (+4 MHP)


Message History

You feel a surge of power!
The magic dart hits the jackal.
The jackal is almost dead.
The jackal bites you. The jackal closely misses you.
You feel a surge of power!
The magic dart hits the jackal.
You kill the jackal!
The endoplasm attacks as you move away! The endoplasm hits you.
The endoplasm hits you but does no damage.
The endoplasm attacks as you move away! The endoplasm closely misses you.
The endoplasm attacks as you move away! The endoplasm barely misses you.
The endoplasm barely misses you. The endoplasm attacks as you move away!
The endoplasm barely misses you.
Ijyb shouts!
Ijyb zaps a wand.
The mass of ice explodes!
The iceblast engulfs you!
You feel a painful chill!
Ouch! That really hurt!
* * * LOW HITPOINT WARNING * * *
You are too injured to fight recklessly!
Casting: Magic Dart (safe; 3% risk of failure)
Confirm with . or Enter, or press ? or * to list all spells.
Aiming: Magic Dart (safe; 3% risk of failure)
Press: ? - help, Shift-Dir - straight line, f - endoplasm
Aim: an endoplasm (100% to hit)
You feel a surge of power!
The magic dart hits the endoplasm.
You kill the endoplasm!
* * * LOW HITPOINT WARNING * * *
The ball python misses you. The ball python grabs you.
The ball python constricts you.
* * * LOW HITPOINT WARNING * * *
You escape the ball python's grasp.
Casting: Magic Dart (safe; 3% risk of failure)
Confirm with . or Enter, or press ? or * to list all spells.
Aiming: Magic Dart (safe; 3% risk of failure)
Press: ? - help, Shift-Dir - straight line, f - ball python
Aim: a ball python (100% to hit)
You feel a surge of power!
The magic dart hits the ball python!
You kill the ball python!
* * * LOW HITPOINT WARNING * * *
Ijyb zaps a wand.
The mass of ice explodes!
The iceblast engulfs you!
You feel a painful chill!
You die...

..... #.#
o....##†##.....
+####+#### #.#
..........S....
#.......# #.#
.....#####.....
#.......###.###.J.
...#
#.......'...†.##.
.##
+.......###.#g## #
#........g..#.#
#######....######.#
................@.#
######.......:.####
....##.........#
....##.........#
...............#
...............#
........####...#
........# #...#
........# #####


You could see Ijyb.

Vanquished Creatures
  Robin (D:2)
  3 worms (D:2)
  A dart slug (D:1)
  4 endoplasms
  3 giant cockroaches
  10 goblins
  7 hobgoblins
  4 jackals
  A kobold (D:1)
  3 quokkas
  4 ball pythons
  4 bats
  2 frilled lizards
  5 rats
52 creatures vanquished.

Vanquished Creatures (collateral kills)
  2 goblins (D:2)
  A ball python (D:2)
  A rat (D:2)
4 creatures vanquished.

Grand Total: 56 creatures vanquished

Notes
Turn   | Place    | Note
-------+----------+-------------------------------------------
     0 | D:1      | Strafespey the Djinni Hedge Wizard began the quest for the
                  | Orb.
     0 | D:1      | Strafespey set off with the following spells memorised:
                  | Magic Dart, Blink, Call Imp, Slow, Conjure Flame, Mephitic
                  | Cloud.
     0 | D:1      | Reached XP level 1. HP: 15/15 MP: 0/0
   322 | D:1      | Reached XP level 2. HP: 19/21 MP: 0/0
   642 | D:1      | Reached skill level 3 in Spellcasting
   821 | D:1      | Found a faded altar of an unknown god.
  1221 | D:1      | Reached XP level 3. HP: 23/25 MP: 0/0
  1221 | D:1      | Learned a level 1 spell: Beastly Appendage
  2617 | D:2      | Noticed Robin
  2883 | D:2      | Found Ofokikom's Book Boutique.
  2889 | D:2      | Reached XP level 4. HP: 23/31 MP: 0/0
  3192 | D:2      | Killed Robin
  4080 | D:3      | Noticed Ijyb
  4292 | D:3      | Killed from afar by Ijyb

Illustrated notes

Levels and vault maps discovered:
D:1:      beargit_arrival_greenhouse, layout_basic,
          ebering_ecumenical_altar_abandoned, chequers_avenue
D:2:      layout_basic, serial_shops, nicolae_shop_statue_plus, uniq_robin
D:3:      minmay_octagon_keep, layout_basic,
          grunt_temple_overflow_order_and_chaos_1, uniq_jessica, uniq_ijyb

Skill      XL: |  1  2  3  4 |
---------------+-------------+-----
Spellcasting   | 3 |  3.8
Stealth        | 2 |  2.0
Dodging        | |  2.1

Action                   |  1- 3 |  4- 6 || total
-------------------------+-------+-------++-------
Melee: Dagger            |     1 |       ||     1
       Staff             |       |     3 ||     3
 Cast: Magic Dart        |    90 |    30 ||   120
       Call Imp          |     7 |     8 ||    15
       Conjure Flame     |     1 |       ||     1
       Mephitic Cloud    |       |     4 ||     4
 Stab: Sleeping          |     1 |       ||     1
Armor: Robe              |     3 |     3 ||     6
Dodge: Dodged            |     5 |    20 ||    25
